TOP OF THE 1ST |
Tennessee Smokies batting - Pitching for Laredo Hawks : RHP Mike Wilson
|
Pitching: RHP Mike Wilson
|
|
Batting: LHB Royce Rolls
|
0-0: Called Strike 0-1: SINGLE (Groundball, 4MD, EV 95.0 MPH)
|
Batting: RHB Darrell MacGregor
|
0-0: Called Strike Royce Rolls is caught stealing 2nd base 2-4 0-1: Fly out, F4 (Line Drive, 4, EV 61.9 MPH)
|
Batting: SHB Rafael Villa
|
0-0: Called Strike 0-1: Swinging Strike 0-2: Ball 1-2: Strikes out looking
|
Top of the 1st over - 0 runs, 1 hit, 0 errors, 0 left on base; Tennessee 0 - Laredo 0 |
BOTTOM OF THE 1ST |
Laredo Hawks batting - Pitching for Tennessee Smokies : RHP Ben Kemp
|
Pitching: RHP Ben Kemp
|
|
Batting: RHB Victor Jensen
|
0-0: Ball 1-0: Ball 2-0: Ball 3-0: Called Strike 3-1: Swinging Strike 3-2: Foul Ball, location: 2F 3-2: Strikes out looking
|
Batting: RHB Elwiin de Meij
|
0-0: Ball 1-0: SINGLE (Flyball, 9S, EV 88.8 MPH)
|
Batting: RHB Woody Maxwell
|
0-0: Called Strike 0-1: Ball 1-1: Ball 2-1: 2-RUN HOME RUN (Flyball, 7LD, EV 99.4 MPH), Distance : 332 ft
|
Batting: RHB Neung-uk Yi
|
0-0: Ball 1-0: Called Strike 1-1: Foul Ball, location: 2F 1-2: Ball 2-2: Strikes out swinging
|
Batting: LHB Scott Beavis
|
0-0: Ball 1-0: Ball 2-0: Ball 3-0: Base on Balls
|
Batting: RHB Steve Turner
|
0-0: Ball 1-0: Ball 2-0: Ground out 5-3 (Groundball, 5S, EV 95.0 MPH)
|
Bottom of the 1st over - 2 runs, 2 hits, 0 errors, 1 left on base; Tennessee 0 - Laredo 2 |
TOP OF THE 2ND |
Tennessee Smokies batting - Pitching for Laredo Hawks : RHP Mike Wilson
|
Batting: LHB Vance Lee
|
0-0: Ball 1-0: Called Strike 1-1: Ball 2-1: Foul Ball, location: 2F 2-2: Foul Ball, location: 2F 2-2: SINGLE (Groundball, 13S, EV 63.8 MPH) (infield hit)
|
Batting: RHB Yoshitora Nakayama
|
0-0: Ball 1-0: Called Strike 1-1: Called Strike 1-2: Grounds into double play, 6-4-3 (Groundball, 6S, EV 88.1 MPH)
|
Batting: LHB Jason Durkin
|
0-0: Ball 1-0: Called Strike 1-1: Ball 2-1: Ball 3-1: Foul Ball, location: 2F 3-2: Foul Ball, location: 2F 3-2: Ground out 4-3 (Groundball, 34D, EV 107.5 MPH)
|
Top of the 2nd over - 0 runs, 1 hit, 0 errors, 0 left on base; Tennessee 0 - Laredo 2 |
BOTTOM OF THE 2ND |
Laredo Hawks batting - Pitching for Tennessee Smokies : RHP Ben Kemp
|
Batting: LHB João Lourenço
|
0-0: Foul Ball, location: 2F 0-1: Ball 1-1: Ball 2-1: Called Strike 2-2: Ball 3-2: Foul Ball, location: 2F 3-2: Base on Balls
|
Batting: LHB George McLean
|
0-0: Foul Ball, location: 2F 0-1: Swinging Strike 0-2: Strikes out looking
|
Batting: RHB Tim Thompson
|
0-0: Ball 1-0: Swinging Strike 1-1: Called Strike 1-2: Grounds into double play, 4-6-3 (Groundball, 4, EV 76.9 MPH)
|
Bottom of the 2nd over - 0 runs, 0 hits, 0 errors, 0 left on base; Tennessee 0 - Laredo 2 |
TOP OF THE 3RD |
Tennessee Smokies batting - Pitching for Laredo Hawks : RHP Mike Wilson
|
Batting: LHB Pedro Delava
|
0-0: Ball 1-0: Ball 2-0: Ball 3-0: Base on Balls
|
Batting: RHB Dave Dickey
|
0-0: SINGLE (Groundball, 4S, EV 77.5 MPH) (infield hit) Pedro Delava to second
|
Batting: RHB Rickey Ritter
|
0-0: Ball 1-0: Ball 2-0: Ball 3-0: Called Strike 3-1: Base on Balls Pedro Delava to third Dave Dickey to second
|
Batting: LHB Royce Rolls
|
0-0: SINGLE (Groundball, 5, EV 106.2 MPH) (infield hit) Pedro Delava scores Dave Dickey to third Rickey Ritter to second
|
Batting: RHB Darrell MacGregor
|
0-0: Ball 1-0: Ball 2-0: Ball 3-0: Called Strike 3-1: Swinging Strike 3-2: Ground out 5-3 (Groundball, 56S, EV 66.9 MPH) Dave Dickey scores Rickey Ritter to third Royce Rolls to second
|
Batting: SHB Rafael Villa
|
0-0: Ground out 3-1 (Groundball, 34, EV 101.2 MPH) Rickey Ritter scores Royce Rolls to third
|
Batting: LHB Vance Lee
|
0-0: Ball Wild Pitch! Royce Rolls scores 1-0: Fly out, F4 (Popup, 34, EV 75.0 MPH)
|
Top of the 3rd over - 4 runs, 2 hits, 0 errors, 0 left on base; Tennessee 4 - Laredo 2 |
BOTTOM OF THE 3RD |
Laredo Hawks batting - Pitching for Tennessee Smokies : RHP Ben Kemp
|
Batting: RHB Victor Jensen
|
0-0: Called Strike 0-1: Ball 1-1: Fly out, F8 (Flyball, 78M, EV 78.8 MPH)
|
Batting: RHB Elwiin de Meij
|
0-0: Foul Ball, location: 2F 0-1: Ball 1-1: Ball 2-1: Called Strike 2-2: Foul Ball, location: 2F 2-2: Foul Ball, location: 2F 2-2: Ball 3-2: Base on Balls
|
Batting: RHB Woody Maxwell
|
0-0: Ball 1-0: Grounds into double play, 6-4-3 (Groundball, 6, EV 94.4 MPH)
|
Bottom of the 3rd over - 0 runs, 0 hits, 0 errors, 0 left on base; Tennessee 4 - Laredo 2 |
TOP OF THE 4TH |
Tennessee Smokies batting - Pitching for Laredo Hawks : RHP Mike Wilson
|
Batting: RHB Yoshitora Nakayama
|
0-0: Ball 1-0: Swinging Strike 1-1: Fly out, F4 (Popup, 34S, EV 74.4 MPH)
|
Batting: LHB Jason Durkin
|
0-0: Foul Ball, location: 2F 0-1: Fly out, F7 (Flyball, 7S, EV 96.2 MPH)
|
Batting: LHB Pedro Delava
|
0-0: Ball 1-0: Called Strike 1-1: Foul Ball, location: 2F 1-2: DOUBLE (Groundball, 5L, EV 101.9 MPH)
|
Batting: RHB Dave Dickey
|
0-0: Ball 1-0: Called Strike 1-1: Foul Ball, location: 2F 1-2: Strikes out looking
|
Top of the 4th over - 0 runs, 1 hit, 0 errors, 1 left on base; Tennessee 4 - Laredo 2 |
BOTTOM OF THE 4TH |
Laredo Hawks batting - Pitching for Tennessee Smokies : RHP Ben Kemp
|
Batting: RHB Neung-uk Yi
|
0-0: Hit by Pitch
|
Pinch Runner at 1st Dan Parker:
|
|
Batting: LHB Scott Beavis
|
0-0: Ball 1-0: Fly out, F7 (Flyball, 7, EV 93.1 MPH)
|
Batting: RHB Steve Turner
|
0-0: Swinging Strike 0-1: Ball 1-1: Ball 2-1: Called Strike 2-2: Fly out, F8 (Line Drive, 8RD, EV 86.2 MPH)
|
Batting: LHB João Lourenço
|
0-0: Ball 1-0: Ball 2-0: Foul Ball, location: 2F 2-1: Swinging Strike 2-2: Foul Ball, location: 2F 2-2: Ball 3-2: SINGLE (Groundball, 4M, EV 86.2 MPH) (infield hit) Dan Parker to second
|
Batting: LHB George McLean
|
0-0: Ball Wild Pitch! Dan Parker to third João Lourenço to second 1-0: Fly out, F7 (Flyball, 7S, EV 86.2 MPH)
|
Bottom of the 4th over - 0 runs, 1 hit, 0 errors, 2 left on base; Tennessee 4 - Laredo 2 |
TOP OF THE 5TH |
Tennessee Smokies batting - Pitching for Laredo Hawks : RHP Mike Wilson
|
Now in CF: Dan Parker
|
|
Batting: RHB Rickey Ritter
|
0-0: Ball 1-0: Ball 2-0: Called Strike 2-1: Foul Ball, location: 2F 2-2: SINGLE (Groundball, 6S, EV 71.2 MPH) (infield hit)
|
Batting: LHB Royce Rolls
|
0-0: Sac Bunt to 5S - play at first, batter safe! Rickey Ritter to second
|
Batting: RHB Darrell MacGregor
|
0-0: Grounds into double play, 6-4-3 (Groundball, 6, EV 104.4 MPH) Rickey Ritter to third
|
Batting: SHB Rafael Villa
|
0-0: Ball 1-0: Foul Ball, location: 2F 1-1: Swinging Strike 1-2: Strikes out swinging
|
Top of the 5th over - 0 runs, 2 hits, 0 errors, 1 left on base; Tennessee 4 - Laredo 2 |
BOTTOM OF THE 5TH |
Laredo Hawks batting - Pitching for Tennessee Smokies : RHP Ben Kemp
|
Batting: RHB Tim Thompson
|
0-0: Ball 1-0: Swinging Strike 1-1: Called Strike 1-2: Ball 2-2: Strikes out looking
|
Batting: RHB Victor Jensen
|
0-0: Called Strike 0-1: Ball 1-1: Called Strike 1-2: Strikes out looking
|
Batting: RHB Elwiin de Meij
|
0-0: Swinging Strike 0-1: Foul Ball, location: 2F 0-2: SINGLE (Line Drive, 78S, EV 90.0 MPH)
|
Batting: RHB Woody Maxwell
|
0-0: Ball 1-0: Foul Ball, location: 2F 1-1: Fielders Choice at 2nd, 6-4 (Groundball, 6, EV 104.4 MPH)
|
Bottom of the 5th over - 0 runs, 1 hit, 0 errors, 1 left on base; Tennessee 4 - Laredo 2 |
TOP OF THE 6TH |
Tennessee Smokies batting - Pitching for Laredo Hawks : RHP Mike Wilson
|
Batting: LHB Vance Lee
|
0-0: Called Strike 0-1: Ground out 4-3 (Groundball, 4, EV 85.0 MPH)
|
Batting: RHB Yoshitora Nakayama
|
0-0: Called Strike 0-1: Foul Ball, location: 2F 0-2: Ball 1-2: Foul Ball, location: 2F 1-2: Fly out, F9 (Flyball, 9LS, EV 94.4 MPH)
|
Batting: LHB Jason Durkin
|
0-0: Foul Ball, location: 2F 0-1: Called Strike 0-2: Ball 1-2: SINGLE (Groundball, 3D, EV 99.4 MPH)
|
Batting: LHB Pedro Delava
|
0-0: Ball Jason Durkin is caught stealing 2nd base 2-6
|
Top of the 6th over - 0 runs, 1 hit, 0 errors, 0 left on base; Tennessee 4 - Laredo 2 |
BOTTOM OF THE 6TH |
Laredo Hawks batting - Pitching for Tennessee Smokies : RHP Ben Kemp
|
Batting: LHB Dan Parker
|
0-0: Foul Ball, location: 2F 0-1: Foul Ball, location: 2F 0-2: Strikes out swinging
|
Batting: LHB Scott Beavis
|
0-0: Fly out, F8 (Flyball, 78D, EV 93.8 MPH)
|
Batting: RHB Steve Turner
|
0-0: Ball 1-0: Called Strike 1-1: Foul Ball, location: 2F 1-2: Foul Ball, location: 2F 1-2: Ball 2-2: Foul Ball, location: 2F 2-2: Ball 3-2: Strikes out swinging
|
Bottom of the 6th over - 0 runs, 0 hits, 0 errors, 0 left on base; Tennessee 4 - Laredo 2 |
TOP OF THE 7TH |
Tennessee Smokies batting - Pitching for Laredo Hawks : RHP Mike Wilson
|
Batting: LHB Pedro Delava
|
0-0: Swinging Strike 0-1: Ball 1-1: Swinging Strike 1-2: Strikes out looking
|
Pitching: RHP Domingo Jones
|
|
Batting: RHB Dave Dickey
|
0-0: SINGLE (Groundball, 34D, EV 106.2 MPH)
|
Batting: RHB Rickey Ritter
|
0-0: Ball 1-0: DOUBLE (Flyball, 8LXD, EV 105.6 MPH) Dave Dickey to third
|
Batting: LHB Royce Rolls
|
0-0: Called Strike 0-1: Fly out, F8 (Flyball, 78M, EV 76.9 MPH) Runner from 3rd tags up, SCORES, throw by CF
|
Batting: RHB Darrell MacGregor
|
0-0: Called Strike 0-1: Ball 1-1: SINGLE (Line Drive, 4MD, EV 98.1 MPH) Rickey Ritter to third Runner from 3rd tries for Home, throw by CF and OUT! 8-2
|
Top of the 7th over - 1 run, 3 hits, 0 errors, 1 left on base; Tennessee 5 - Laredo 2 |
BOTTOM OF THE 7TH |
Laredo Hawks batting - Pitching for Tennessee Smokies : RHP Ben Kemp
|
Batting: LHB João Lourenço
|
0-0: Ball 1-0: Ball 2-0: Ball 3-0: Called Strike 3-1: Base on Balls
|
Batting: LHB George McLean
|
0-0: Foul Ball, location: 2F 0-1: Foul Ball, location: 2F 0-2: Foul Ball, location: 2F 0-2: Foul Ball, location: 2F 0-2: Fielders Choice at 2nd, 1-6 (Groundball, 13, EV 61.2 MPH)
|
Pitching: RHP Alfredo Rincón
|
|
Batting: RHB Tim Thompson
|
0-0: Ball 1-0: Fly out, F8 (Flyball, 8LM, EV 93.8 MPH)
|
Batting: RHB Victor Jensen
|
0-0: Swinging Strike 0-1: Foul Ball, location: 2F 0-2: SINGLE (Line Drive, 3, EV 67.5 MPH) (infield hit) George McLean to second
|
Batting: RHB Elwiin de Meij
|
0-0: Ball 1-0: Foul Ball, location: 2F 1-1: Foul Ball, location: 2F 1-2: SINGLE (Groundball, 5L, EV 105.0 MPH) George McLean to third Victor Jensen to second Runner from 3rd tries for Home, throw by LF and OUT! 7-2
|
Bottom of the 7th over - 0 runs, 2 hits, 0 errors, 2 left on base; Tennessee 5 - Laredo 2 |
TOP OF THE 8TH |
Tennessee Smokies batting - Pitching for Laredo Hawks : RHP Domingo Jones
|
Batting: SHB Rafael Villa
|
0-0: Ball 1-0: Ball 2-0: Ball 3-0: Base on Balls
|
Batting: LHB Vance Lee
|
0-0: Ball 1-0: Called Strike 1-1: Called Strike 1-2: Fielders Choice at 2nd, 5-4 (Groundball, 56, EV 85.6 MPH)
|
Batting: RHB Yoshitora Nakayama
|
0-0: Called Strike 0-1: Ball 1-1: Ball 2-1: Foul Ball, location: 2F 2-2: Ball 3-2: Foul Ball, location: 2F 3-2: Ground out 5-3 (Groundball, 56, EV 100.6 MPH) Vance Lee to second
|
Batting: LHB Jason Durkin
|
0-0: Swinging Strike 0-1: Ball 1-1: Foul Ball, location: 2F 1-2: Strikes out swinging
|
Top of the 8th over - 0 runs, 0 hits, 0 errors, 1 left on base; Tennessee 5 - Laredo 2 |
BOTTOM OF THE 8TH |
Laredo Hawks batting - Pitching for Tennessee Smokies : RHP Alfredo Rincón
|
Batting: RHB Woody Maxwell
|
0-0: Swinging Strike 0-1: Called Strike 0-2: Strikes out swinging
|
Batting: LHB Dan Parker
|
0-0: Reached via error on a dropped throw from 1B, E1 (Groundball, 34D, EV 110.0 MPH)
|
Batting: LHB Scott Beavis
|
0-0: Ball 1-0: Called Strike 1-1: Ball 2-1: Foul Ball, location: 2F 2-2: Ball 3-2: Fly out, F7 (Flyball, 7, EV 94.4 MPH)
|
Batting: RHB Steve Turner
|
0-0: Ball 1-0: Ball 2-0: Ball 3-0: Called Strike 3-1: Base on Balls Dan Parker to second
|
Batting: LHB João Lourenço
|
0-0: Ground out 4-3 (Groundball, 4S, EV 83.1 MPH)
|
Bottom of the 8th over - 0 runs, 0 hits, 1 error, 2 left on base; Tennessee 5 - Laredo 2 |
TOP OF THE 9TH |
Tennessee Smokies batting - Pitching for Laredo Hawks : RHP Domingo Jones
|
Batting: LHB Pedro Delava
|
0-0: Called Strike 0-1: Ball 1-1: Called Strike 1-2: Strikes out swinging
|
Batting: RHB Dave Dickey
|
0-0: Ball 1-0: Ground out U3 (Groundball, 3, EV 78.1 MPH)
|
Batting: RHB Rickey Ritter
|
0-0: Fly out, F9 (Flyball, 9S, EV 86.9 MPH)
|
Top of the 9th over - 0 runs, 0 hits, 0 errors, 0 left on base; Tennessee 5 - Laredo 2 |
BOTTOM OF THE 9TH |
Laredo Hawks batting - Pitching for Tennessee Smokies : RHP Alfredo Rincón
|
Pitching: RHP Martín Colón
|
|
Batting: LHB George McLean
|
0-0: Called Strike 0-1: Foul Ball, location: 2F 0-2: SOLO HOME RUN (Flyball, 9D, EV 88.8 MPH), Distance : 395 ft
|
Batting: RHB Tim Thompson
|
0-0: Fly out, F9 (Flyball, 9, EV 92.5 MPH)
|
Batting: RHB Victor Jensen
|
0-0: Fly out, F9 (Flyball, 9S, EV 90.6 MPH)
|
Batting: RHB Elwiin de Meij
|
0-0: Swinging Strike 0-1: Foul Ball, location: 2F 0-2: Ball 1-2: Ball 2-2: Ball 3-2: Ground out U3 (Groundball, 3, EV 81.9 MPH)
|
Bottom of the 9th over - 1 run, 1 hit, 0 errors, 0 left on base; Tennessee 5 - Laredo 3 |
|